[Event "ICCopen2016"]
[Site "Internet Chess Club"]
[Date "2016.06.03"]
[Round "10"]
[White "DARKTRUDER"]
[Black "Nostradamus"]
[Result "1-0"]
[ICCResult "Black forfeits on time"]
[WhiteElo "2343"]
[BlackElo "2448"]
[Opening "English: four knights, kingside fianchetto"]
[ECO "A29"]
[NIC "EO.04"]
[Time "20:48:16"]
[TimeControl "180+0"]

1. Nf3 Nc6 2. c4 e5 3. Nc3 Nf6 4. g3 Bb4 5. Bg2 Bxc3 6. bxc3 O-O 7. O-O Re8
8. d3 d5 9. cxd5 Nxd5 10. Bb2 Rb8 11. a4 b6 12. e4 Nf6 13. d4 exd4 14. cxd4
Nxe4 15. d5 Na5 16. Re1 Nd6 17. Ne5 f6 18. Nf3 Rxe1+ 19. Qxe1 Nac4 20. Bd4
Bd7 21. Qc3 a6 22. Ne1 b5 23. axb5 axb5 24. Nd3 Ra8 25. Re1 Ra3 26. Qc2 Bf5
27. Bf1 Qa8 28. Bc5 Ra2 29. Qc3 Qxd5 30. Bxd6 Qxd6 31. Nf4 Ra4 32. Re8+ Kf7
33. Rb8 c6 34. Rb7+ Kf8 35. Qe1 Ne5 36. Bg2 Rb4 37. Ne2 Rb1 38. Nc1
{Black forfeits on time}
1-0

[Event "ICCopen2016"]
[Site "Internet Chess Club"]
[Date "2016.06.03"]
[Round "10"]
[White "Dlugy"]
[Black "Anarchy"]
[Result "0-1"]
[ICCResult "White forfeits on time"]
[WhiteElo "2905"]
[BlackElo "2823"]
[Opening "Queen's pawn: London system"]
[ECO "A45"]
[NIC "QP.07"]
[Time "20:47:58"]
[TimeControl "180+0"]

1. d4 Nf6 2. Bf4 d5 3. e3 Bf5 4. c4 c6 5. Nc3 e6 6. Qb3 Qc8 7. Rc1 a6 8. Nf3
Nbd7 9. cxd5 exd5 10. Be2 Be7 11. O-O O-O 12. h3 h6 13. Ne5 Re8 14. Bf3 Be6
15. Nd3 Bf5 16. Nxd5 Bf8 17. Nc7 Ne4 18. Bxe4 Bxe4 19. Nxa8 Qxa8 20. Ne5 Bd5
21. Qc2 Nf6 22. f3 Rd8 23. e4 Be6 24. Be3 Qc8 25. Rfd1 Qb8 26. a3 Bd6 27.
Bf4 Rc8 28. Bh2 c5 29. d5 Bxh3 30. f4 Bg4 31. Re1 c4 32. Kh1 h5 33. Qf2 b5
34. Nc6 Qc7 35. Rc2 Re8 36. Qd4 Bxf4 37. e5 Bxh2 38. Kxh2 Bd7 39. Ne7+ Rxe7
40. d6 Ng4+ 41. Kg1 Qd8 42. dxe7 Qxe7 43. Rd1 Bf5 44. Re2 Qh4 45. Qf4 Be6
46. Re3 g5 47. Rh3 Qxh3 48. gxh3 gxf4 49. hxg4 hxg4 50. Rd4 f3 51. Kf2 Kg7
52. Rd6 Kg6 53. Rxa6 Kf5 54. Rb6 Kf4 55. Rxb5 g3+ 56. Kf1 Bh3+ 57. Ke1 f2+
58. Kd2 f1=Q 59. Kc3 Qd3+ 60. Kb4 Qb3+ 61. Kc5 Qxb5+ {White forfeits on
time} 0-1

[Event "ICCopen2016"]
[Site "Internet Chess Club"]
[Date "2016.06.03"]
[Round "10"]
[White "zelog"]
[Black "KIEV-1"]
[Result "0-1"]
[ICCResult "White forfeits on time"]
[WhiteElo "2157"]
[BlackElo "2067"]
[Opening "English opening"]
[ECO "A20"]
[NIC "EO.24"]
[Time "20:47:49"]
[TimeControl "180+0"]

1. c4 e5 2. g3 Nc6 3. Bg2 g6 4. Nf3 Bg7 5. O-O Nge7 6. d3 d6 7. Nc3 h6 8.
Rb1 Be6 9. b4 Qd7 10. b5 Nd8 11. a4 Bh3 12. Nd5 Bxg2 13. Kxg2 Nxd5 14. cxd5
f5 15. Bb2 Nf7 16. Nd2 g5 17. Rc1 h5 18. e4 f4 19. f3 O-O-O 20. Rc4 Kb8 21.
Qc2 Nh6 22. Rc1 Rc8 23. Nb3 g4 24. Qe2 gxf3+ 25. Qxf3 Ng4 26. Kh1 Ne3 27.
R4c3 h4 28. g4 Nxg4 29. Rg1 Ne3 30. Bc1 Bh6 31. Na5 Rcg8 32. Rxg8+ Rxg8 33.
Bxe3 fxe3 34. Nc4 Qg7 35. Rc1 e2 36. Re1 Bf4 37. Qxe2 b6 38. Qf3 Qg5 39. Rf1
Kb7 40. Qf2 h3 41. Rg1 Qxg1+ 42. Qxg1 Rxg1+ 43. Kxg1 a6 44. Kf2 axb5 45.
axb5 Bxh2 46. Ne3 Bf4 47. Ng4 h2 48. Kg2 c5 {White forfeits on time} 0-1

[Event "ICCopen2016"]
[Site "Internet Chess Club"]
[Date "2016.06.03"]
[Round "10"]
[White "junard"]
[Black "marabu"]
[Result "0-1"]
[ICCResult "White checkmated"]
[WhiteElo "1739"]
[BlackElo "2090"]
[Opening "Queen's pawn"]
[ECO "A40"]
[NIC "QO.17"]
[Time "20:48:08"]
[TimeControl "180+0"]

1. d4 e6 2. Nf3 f5 3. g3 Nf6 4. Bg2 d5 5. O-O Bd6 6. c4 c6 7. Qd3 O-O 8. Nc3
Ne4 9. Nd2 Nd7 10. f3 Nxd2 11. Bxd2 f4 12. gxf4 Bxf4 13. Bxf4 Rxf4 14. e4
Qh4 15. Ne2 Rf6 16. Ng3 Rh6 17. Kf2 Nf6 18. e5 dxc4 19. Qxc4 Nd5 20. Rad1
Bd7 21. Rh1 Rf8 22. Qb3 Rg6 23. Rd3 Nf4 24. Qd1 Nxd3+ 25. Qxd3 Rf4 26. Kg1
Rxd4 27. Qe2 Qg5 28. Ne4 Rxe4 29. Qxe4 Qxg2# {White checkmated} 0-1

[Event "ICCopen2016"]
[Site "Internet Chess Club"]
[Date "2016.06.03"]
[Round "10"]
[White "wjjones88"]
[Black "DMDIS"]
[Result "0-1"]
[ICCResult "White forfeits on time"]
[WhiteElo "1706"]
[BlackElo "2019"]
[Opening "Réti opening"]
[ECO "A05"]
[NIC "QP.11"]
[Time "20:48:10"]
[TimeControl "180+0"]

1. Nf3 Nf6 2. g3 d5 3. Bg2 c6 4. d3 Bg4 5. O-O Nbd7 6. c4 e6 7. cxd5 exd5 8.
Nc3 Be7 9. Bf4 O-O 10. Re1 h6 11. Qc2 Bf5 12. e4 Bh7 13. Rad1 Qa5 14. h3
Rfe8 15. a3 dxe4 16. dxe4 Bf8 17. Nd4 Ne5 18. Qb3 Qb6 19. Qxb6 axb6 20. Bxe5
Rxe5 21. f4 Ree8 22. e5 Rad8 23. exf6 Rxe1+ 24. Rxe1 Rxd4 25. fxg7 Kxg7 26.
Re8 Bc5 27. Kh2 b5 28. Rb8 Rd2 29. Rxb7 Rxb2 30. a4 Rc2 31. Na2 Be4 32. h4
Bxg2 {White forfeits on time} 0-1

[Event "ICCopen2016"]
[Site "Internet Chess Club"]
[Date "2016.06.03"]
[Round "10"]
[White "Creedence"]
[Black "PaYbAcK"]
[Result "1-0"]
[ICCResult "Black resigns"]
[WhiteElo "3107"]
[BlackElo "2801"]
[Opening "King's Indian, 3.Nf3"]
[ECO "E60"]
[NIC "KI.80"]
[Time "20:47:33"]
[TimeControl "180+0"]

1. d4 Nf6 2. c4 g6 3. Nf3 Bg7 4. g3 d5 5. cxd5 Nxd5 6. Bg2 Nb6 7. O-O Nc6 8.
e3 O-O 9. Nc3 Re8 10. Re1 a5 11. Qe2 Be6 12. Nd2 Nb4 13. Bxb7 Nc2 14. Bxa8
Qxa8 15. Rb1 Nxe1 16. Qxe1 c5 17. dxc5 Nd7 18. Nde4 Bf5 19. f3 Nxc5 20. Nxc5
Qxf3 21. Bd2 Bxb1 22. Qxb1 Rd8 23. Qe1 Bh6 24. Bc1 Qc6 25. N5e4 Qc4 26. Nf2
a4 27. e4 Bg7 28. a3 Bd4 29. Be3 Rb8 30. Nfd1 Be5 31. Qf2 Rd8 32. Qf1 Qb3
33. Bf2 Qc2 34. Ne3 Qxb2 35. Nxa4 Qxa3 36. Nb6 Qa2 37. Nbc4 Bd4 38. Ng4
Bxf2+ 39. Nxf2 Rc8 40. Ne3 Qa7 41. Qe2 Rc3 42. Nd5 Rc1+ 43. Kg2 e6 44. Qe3
Qa6 45. Nf6+ Kg7 46. Nh5+ gxh5 47. Qg5+ Kf8 48. Qxc1 Qe2 49. Qh6+ Kg8 50.
Qf4 Kg7 51. Qf3 Qc2 52. h4 Qc6 53. Qxh5 f5 54. Qg5+ Kf7 55. Qf4 Kg7 56. Qf3
fxe4 57. Qxe4 Qd6 58. Qf3 e5 59. Qg4+ Qg6 60. Qf3 Qe6 61. Ne4 Qa2+ 62. Qf2
Qe6 63. Qf3 Qd5 64. Nf2 Qd4 65. Qe4 Qc3 66. Qg4+ Kf7 67. Qf3+ Ke7 68. Qxc3
e4 69. Qe3 {Black resigns} 1-0

[Event "ICCopen2016"]
[Site "Internet Chess Club"]
[Date "2016.06.03"]
[Round "10"]
[White "TudoracheM"]
[Black "luckypawns"]
[Result "0-1"]
[ICCResult "White forfeits on time"]
[WhiteElo "1684"]
[BlackElo "1603"]
[Opening "Philidor's defense"]
[ECO "C41"]
[NIC "KP.10"]
[Time "20:48:03"]
[TimeControl "180+0"]

1. e4 e5 2. Nf3 d6 3. Bc4 Be6 4. Bxe6 fxe6 5. d4 exd4 6. Nxd4 Qd7 7. O-O c5
8. Nf3 Nf6 9. e5 Nd5 10. c4 Nb4 11. a3 N4c6 12. Bf4 d5 13. cxd5 exd5 14. Nc3
d4 15. Nb5 Na6 16. Nd6+ Bxd6 17. exd6 O-O 18. Bg3 Rae8 19. Qd3 Nab8 20. Rfe1
Qf5 21. Qb3+ Qf7 22. Qxf7+ Kxf7 23. Ng5+ Kg6 24. Ne6 Rf6 25. Nf4+ Kf7 26.
Nd5 Rfe6 27. Rxe6 Rxe6 28. f3 Re2 29. Rc1 b6 30. b3 Ra2 31. a4 Ke6 32. Nf4+
Kxd6 33. Nh5+ Kd5 34. Nxg7 d3 35. Nf5 Nd4 36. Rd1 Ne2+ 37. Kh1 Nxg3+ 38.
Nxg3 Kd4 39. Ne4 Nc6 40. h3 Nb4 41. Kg1 Ke3 42. Re1+ Re2 43. Rd1 a6 44. Nc3
Rc2 45. Ne4 b5 46. Kf1 bxa4 47. bxa4 c4 48. Nc5 c3 {White forfeits on time}
0-1

[Event "ICCopen2016"]
[Site "Internet Chess Club"]
[Date "2016.06.03"]
[Round "10"]
[White "discdude"]
[Black "wolvie"]
[Result "1-0"]
[ICCResult "Black forfeits on time"]
[WhiteElo "1479"]
[BlackElo "1534"]
[Opening "Queen's pawn game, Darooha variation "]
[ECO "D02"]
[NIC "QP.08"]
[Time "20:48:22"]
[TimeControl "180+0"]

1. d4 d5 2. Nf3 Nf6 3. c4 Bg4 4. Bg5 e6 5. e3 Be7 6. cxd5 Qxd5 7. Bxf6 Bxf6
8. Nc3 Qd7 9. Be2 O-O 10. O-O Nc6 11. h3 Bh5 12. a3 a6 13. Rc1 Rfc8 14. b4
Ne7 15. Ne4 Nd5 16. Nxf6+ Nxf6 17. Ne5 Bxe2 18. Qxe2 Qb5 19. Qxb5 axb5 20.
Rc3 c6 21. Rfc1 Ra6 22. Nd3 Rca8 23. Ra1 Nd5 24. Rb3 b6 25. e4 Ne7 26. Ne5
f6 27. Nd3 Kf7 28. f3 h6 29. Kf2 g5 30. Ke3 h5 31. Nb2 f5 32. Nd3 f4+ 33.
Kf2 Kf6 34. Ne5 Ng6 35. Nd7+ Ke7 36. Ne5 Nxe5 37. dxe5 Ra4 38. Ke2 c5 39.
bxc5 bxc5 40. Rxb5 Rxa3 41. Rxa3 Rxa3 42. Rxc5 Ra2+ 43. Kf1 Ra1+ 44. Kf2
Ra2+ 45. Kg1 Kd7 46. Rb5 Kc6 47. Rb8 Kc5 48. Rd8 Ra1+ 49. Kh2 Ra2 50. Rd6
Kc4 51. Rxe6 Kd4 52. Re8 Ke3 53. Rg8 Kf2 54. Rxg5 h4 55. Rg4 Kf1 56. e6 Ra6
57. Rxf4 Rxe6 58. Rxh4 Rg6 59. Rg4 Rh6 60. Kg3 Rh7 61. e5 Re7 62. f4 Ke2 63.
Rg6 Kf1 64. Kf3 Rd7 65. g4 Rd3+ 66. Ke4 Rxh3 67. f5 Rh8 68. e6 Rc8 69. Ke5
Rc4 70. f6 Kg2 71. e7 Kg3 72. g5 Kg4 73. e8=Q Rc2 74. Kd6 Rd2+ 75. Kc5 Rf2
76. Qd7+ Rf5+ 77. Qxf5+ Kxf5 78. Rg7 {Black forfeits on time} 1-0

[Event "ICCopen2016"]
[Site "Internet Chess Club"]
[Date "2016.06.03"]
[Round "10"]
[White "JJ12"]
[Black "Drahacik"]
[Result "1/2-1/2"]
[ICCResult "Black ran out of time and White has no material to mate"]
[WhiteElo "2242"]
[BlackElo "2121"]
[Opening "French: Tarrasch, open variation, main line"]
[ECO "C09"]
[NIC "FR.22"]
[Time "20:47:48"]
[TimeControl "180+0"]

1. e4 e6 2. d4 d5 3. Nd2 c5 4. Ngf3 Nc6 5. exd5 exd5 6. Bb5 Bd6 7. O-O cxd4
8. Nb3 Ne7 9. Nbxd4 O-O 10. c3 Bg4 11. h3 Nxd4 12. cxd4 Bh5 13. Bd3 Bg6 14.
Bxg6 hxg6 15. Bg5 Qb6 16. Bxe7 Bxe7 17. Qb3 Qxb3 18. axb3 a6 19. Rfc1 Rac8
20. Kf1 Bf6 21. Ke2 Rfe8+ 22. Kd3 Kf8 23. b4 Ke7 24. Re1+ Kd6 25. Nd2 Rxe1
26. Rxe1 Bg5 27. Nf3 Bf6 28. b3 Rc6 29. Re8 Rb6 30. Kc3 Rc6+ 31. Kb2 Rb6 32.
Ka3 Rc6 33. Rb8 Rc7 34. b5 axb5 35. Kb4 Kc6 36. Kc3 Re7 37. Rc8+ Kb6 38. Kd2
Ka5 39. Kc3 Re2 40. Ra8+ Kb6 41. Rf8 Rxf2 42. Rxf7 Rxg2 43. Ne5 Rg3+ 44. Kb4
Rxh3 45. Nd7+ Kc6 46. Nxf6 Rf3 47. Nd7 Rxf7 48. Ne5+ Kd6 49. Nxf7+ Ke6 50.
Ne5 g5 51. Kc3 Kf5 52. Kd3 g4 53. Ke3 g5 54. Nd3 b4 55. Nxb4 g3 56. Nd3 g2
57. Kf2 Ke4 58. Nc5+ Kxd4 59. Nxb7 Kc3 60. Nc5 Kb4 61. Kxg2 Kxc5 62. Kf3 Kb4
63. Kg4 Kxb3 64. Kxg5 Kc3 65. Kf4 d4 66. Ke5 d3 67. Kd6 d2 68. Ke7 d1=Q 69.
Ke6 Qd4 70. Kf7 {Black ran out of time and White has no material to mate}
1/2-1/2

[Event "ICCopen2016"]
[Site "Internet Chess Club"]
[Date "2016.06.03"]
[Round "10"]
[White "pawnloser"]
[Black "MAU"]
[Result "1-0"]
[ICCResult "Black forfeits on time"]
[WhiteElo "1618"]
[BlackElo "1794"]
[Opening "French defense"]
[ECO "C00"]
[NIC "FR.01"]
[Time "20:48:04"]
[TimeControl "180+0"]

1. e4 e6 2. Bc4 d5 3. exd5 exd5 4. Bb3 Nf6 5. Nf3 Bc5 6. O-O O-O 7. d4 Bd6
8. c4 c6 9. Bg5 dxc4 10. Bxc4 Bg4 11. h3 Bh5 12. Nc3 Nbd7 13. Re1 Qc7 14.
Ne2 Bxf3 15. gxf3 Bh2+ 16. Kg2 Bd6 17. Ng3 h6 18. Be3 Rfe8 19. Rc1 a6 20.
Qb3 Re7 21. d5 c5 22. Ne4 Nxe4 23. fxe4 b5 24. Bd3 c4 25. Qd1 Ne5 26. Bb1
Qd7 27. f4 Ng6 28. e5 Bxe5 29. fxe5 Rxe5 30. Bxg6 fxg6 31. Bf4 Qxd5+ 32.
Qxd5+ Rxd5 33. Re7 g5 34. Be5 Rd2+ 35. Kg3 Rad8 36. Rxg7+ Kf8 37. Rh7 R8d3+
38. Kg4 Rg2+ 39. Kh5 Rxh3+ 40. Kg6 Re2 41. Rf1+ Ke8 42. Bg7 Re6+ 43. Bf6 g4
44. Rd1 Rxf6+ 45. Kxf6 Rf3+ 46. Kg6 g3 47. Rxh6 g2 48. Rg1 Rf2 49. Rh2 Rxb2
50. Rhxg2 Rb4 51. Kf6 c3 52. Rc2 Rc4 53. Rg3 b4 54. Re3+ Kd7 55. Ke5 Kc6 56.
Rg3 a5 57. Rg6+ Kc5 58. Rg8 Rh4 59. Rc8+ Kb5 60. a3 Ka4 61. axb4 axb4 62.
Ra8+ Kb3 63. Rc1 c2 64. Rc8 Kb2 65. R8xc2+ {Black forfeits on time} 1-0

[Event "ICCopen2016"]
[Site "Internet Chess Club"]
[Date "2016.06.03"]
[Round "10"]
[White "alphajet26"]
[Black "Chaos23"]
[Result "1-0"]
[ICCResult "Black forfeits on time"]
[WhiteElo "1722"]
[BlackElo "1952"]
[Opening "Robatsch (modern) defense"]
[ECO "B06"]
[NIC "KF.05"]
[Time "20:48:12"]
[TimeControl "180+0"]

1. e4 g6 2. d4 Bg7 3. Nf3 c5 4. c3 cxd4 5. cxd4 d5 6. e5 Bg4 7. Be2 Nc6 8.
Nc3 e6 9. h3 Bxf3 10. Bxf3 Nge7 11. Bg5 O-O 12. Qd2 f6 13. exf6 Bxf6 14. Bh6
Rf7 15. O-O Nxd4 16. Bg4 Nef5 17. Rfe1 Qd6 18. Rad1 Re8 19. Bf4 e5 20. Bh6
e4 21. Bxf5 gxf5 22. Ne2 Nxe2+ 23. Rxe2 d4 24. Bf4 Qb6 25. b3 Rc8 26. Rc1
Rc6 27. Ree1 Rf8 28. Qe2 Rfc8 29. Rxc6 Rxc6 30. Qh5 Qc5 31. Rc1 Qd5 32. Qe8+
Kg7 33. Rxc6 bxc6 34. h4 d3 35. h5 Qf7 36. h6+ Kg6 37. Qxc6 Qe7 38. Qc4 Qd7
39. Bd2 Qf7 40. Qc6 Kh5 41. g3 Qg6 42. Qd6 Kg4 43. Qf4+ Kh5 44. Kg2 Bg5 45.
Qxg5+ Qxg5 46. Bxg5 Kxg5 47. f3 d2 48. fxe4 d1=Q 49. exf5 Qe2+ 50. Kh3
{Black forfeits on time}
1-0

[Event "ICCopen2016"]
[Site "Internet Chess Club"]
[Date "2016.06.03"]
[Round "10"]
[White "Red-white"]
[Black "BlitzorDDD"]
[Result "0-1"]
[ICCResult "White resigns"]
[WhiteElo "3056"]
[BlackElo "2962"]
[Opening "Ruy Lopez: exchange, Keres variation"]
[ECO "C68"]
[NIC "RL.08"]
[Time "20:48:38"]
[TimeControl "180+0"]

1. e4 e5 2. Nf3 Nc6 3. Bb5 a6 4. Bxc6 dxc6 5. Nc3 Bg4 6. h3 Bxf3 7. Qxf3 Qd7
8. d3 O-O-O 9. Be3 f6 10. O-O-O c5 11. Nd5 Ne7 12. c4 Ng6 13. Qg4 Kb8 14.
Qxd7 Rxd7 15. h4 h5 16. Rdg1 c6 17. Nb6 Rxd3 18. Rd1 Rxd1+ 19. Rxd1 Be7 20.
g3 Kc7 21. Na4 b6 22. b4 Rd8 23. Rxd8 Bxd8 24. bxc5 b5 25. Nb2 Be7 26. Kc2
Nf8 27. Kb3 Ne6 28. Nd3 a5 29. a4 b4 30. f4 exf4 31. gxf4 f5 32. exf5 Nf8
33. Bf2 Nd7 34. Kc2 Nf6 35. Bd4 Ne8 36. Bf2 Nf6 37. Bd4 Ng4 38. Bxg7 Ne3+
39. Kd2 Nxf5 40. Be5+ Kc8 41. Nc1 Bxc5 42. Nb3 Bb6 43. c5 Bd8 44. Kd3 Kd7
45. Ke4 Ke6 46. Bb2 Ng3+ 47. Kf3 Nf5 48. Ke4 Nxh4 49. Nd4+ Kd7 50. f5 Bf6
{White resigns}
0-1

[Event "ICCopen2016"]
[Site "Internet Chess Club"]
[Date "2016.06.03"]
[Round "10"]
[White "leonardoalmeida"]
[Black "mathman"]
[Result "0-1"]
[ICCResult "White forfeits on time"]
[WhiteElo "1856"]
[BlackElo "2368"]
[Opening "Van't Kruijs opening"]
[ECO "A00"]
[Time "20:48:21"]
[TimeControl "180+0"]

1. e3 g6 2. b3 Bg7 3. Nc3 c6 4. Bb2 d5 5. d4 Nf6 6. Nf3 O-O 7. Be2 Nbd7 8.
O-O Re8 9. Nb1 Ne4 10. Nbd2 Nd6 11. c4 e6 12. Rc1 Nf5 13. cxd5 exd5 14. a3
a5 15. Bd3 Nf6 16. Re1 Nd6 17. Ne5 Bf5 18. Bxf5 Nxf5 19. Qc2 Nd6 20. h3 Nh5
21. Nef3 Qe7 22. Ba1 h6 23. Qb1 Qe6 24. b4 axb4 25. Qxb4 Ra6 26. Bb2 Rea8
27. Qb3 Nf6 28. Red1 Re8 29. Rc2 Nd7 30. Rcc1 Nb6 31. Rc2 Nbc4 32. Nxc4 dxc4
33. Qb4 Qd5 34. Rdc1 b5 35. Rd1 Ra4 36. Qc3 Ne4 37. Qe1 Bf8 38. Ne5 Rea8 39.
Qe2 Bxa3 40. Bxa3 Rxa3 41. Qf3 Nc3 42. Rxc3 Qxf3 43. gxf3 Rxc3 44. Nxc6 Rb3
45. Rc1 c3 46. Kg2 b4 47. h4 Rb2 48. f4 Raa2 49. Ne7+ Kf8 50. Nd5 Rxf2+ 51.
Kg3 Rg2+ 52. Kf3 f5 53. Rf1 Raf2+ 54. Rxf2 Rxf2+ 55. Kxf2 c2 56. Nxb4 c1=Q
57. Nd5 Qc2+ 58. Ke1 Qb3 {White forfeits on time} 0-1

[Event "ICCopen2016"]
[Site "Internet Chess Club"]
[Date "2016.06.03"]
[Round "10"]
[White "gmgattass"]
[Black "GreyWarden"]
[Result "1-0"]
[ICCResult "Black forfeits on time"]
[WhiteElo "2252"]
[BlackElo "2000"]
[Opening "Four knights: Scotch, 4...exd4"]
[ECO "C47"]
[NIC "KP.06"]
[Time "20:48:13"]
[TimeControl "180+0"]

1. e4 e5 2. Nc3 Nc6 3. Nf3 Nf6 4. d4 exd4 5. Nxd4 Bb4 6. Nxc6 bxc6 7. Bd3 d5
8. exd5 cxd5 9. O-O O-O 10. Ne2 Be7 11. c4 Bb7 12. Bg5 Ne4 13. Bxe7 Qxe7 14.
cxd5 Bxd5 15. Nf4 Nf6 16. Nxd5 Nxd5 17. Bxh7+ Kxh7 18. Qxd5 Qf6 19. b4 Rfd8
20. Qh5+ Kg8 21. Rad1 Rd6 22. Rxd6 Qxd6 23. Qc5 Qxc5 24. bxc5 Rb8 25. Rd1
Rb5 26. Rc1 Rb2 27. a4 Ra2 28. g3 Rxa4 29. Rd1 Rc4 30. Rd8+ Kh7 31. Ra8 Rxc5
32. Rxa7 Rc2 33. Kg2 Kg6 34. Ra3 c5 35. Kf3 f6 36. h4 Kf5 37. g4+ Kg6 38.
Ke3 Rc4 39. f3 f5 40. Ra6+ Kf7 41. Ra7+ Kf6 42. Ra6+ Kf7 43. gxf5 Rxh4 44.
Rc6 c4 45. f4 Rh5 46. Ke4 Rh1 47. Rxc4 Re1+ 48. Kf3 Kf6 49. Rc5 Rg1 50. Re5
Rh1 51. Ke4 Re1+ 52. Kd5 Rd1+ 53. Ke4 Re1+ 54. Kd4 Rd1+ 55. Kc5 Rf1 56. Re6+
Kxf5 57. Re7 g6 58. Rf7+ Kg4 59. Rg7 Kh5 60. Rh7+ Kg4 61. Rf7 Rxf4 62. Rg7
Rf6 63. Kd5 Kh5 64. Ke5 Rf1 65. Rg8 g5 66. Rh8+ Kg4 67. Ke4 Re1+ 68. Kd3 Kg3
69. Kd2 Re7 70. Rg8 g4 71. Rg7 Rf7 72. Rxf7 Kg2 73. Ke2 g3 74. Rg7 Kh3 75.
Kf3 Kh4 76. Rh7+ {Black forfeits on time} 1-0

[Event "ICCopen2016"]
[Site "Internet Chess Club"]
[Date "2016.06.03"]
[Round "10"]
[White "catman"]
[Black "Eraser007"]
[Result "0-1"]
[ICCResult "White checkmated"]
[WhiteElo "1797"]
[BlackElo "2195"]
[Opening "King's Indian: Sämisch, 5...O-O"]
[ECO "E81"]
[NIC "KI.51"]
[Time "20:47:54"]
[TimeControl "180+0"]

1. d4 Nf6 2. c4 g6 3. Nc3 Bg7 4. e4 O-O 5. f3 d6 6. Bg5 Nc6 7. Qd2 e5 8. d5
Nd4 9. Nge2 c5 10. dxc6 bxc6 11. Nxd4 exd4 12. Qxd4 h6 13. Be3 Qa5 14. Qd2
Rb8 15. Be2 Ng4 16. Bd4 Ne5 17. O-O Be6 18. b3 c5 19. Bxe5 Bxe5 20. Rac1 g5
21. Rfd1 Bf4 22. Qc2 Bxc1 23. Rxc1 Qc7 24. Nd5 Bxd5 25. cxd5 Rb4 26. Bc4 Qe7
27. Qc3 f6 28. Re1 Qe5 29. Qxe5 fxe5 30. h3 a5 31. a4 Rfb8 32. Kf2 Kf7 33.
Ke3 Rxb3+ 34. Bxb3 Rxb3+ 35. Kf2 Rb4 36. h4 Rxa4 37. hxg5 hxg5 38. Rh1 Ra2+
39. Kg3 a4 40. Rh7+ Ke8 41. Rg7 a3 42. Ra7 c4 43. Rc7 Rc2 44. Ra7 a2 45. Ra4
c3 46. Ra3 Rb2 47. Rxc3 a1=Q 48. Rc8+ Kd7 49. Rh8 Qe1+ 50. Kg4 Rxg2+ 51. Kf5
Qg3 52. Kg6 Qxf3 53. Rh7+ Kc8 54. Kg7 Qxe4 55. Rh8+ Kc7 56. Rf8 Qxd5 57. Re8
Kd7 58. Rf8 g4 59. Rb8 g3 60. Rf8 Rf2 61. Rxf2 gxf2 62. Kg6 f1=Q 63. Kg5
Qdg2+ 64. Kh6 Qfh1# {White checkmated} 0-1

[Event "ICCopen2016"]
[Site "Internet Chess Club"]
[Date "2016.06.03"]
[Round "10"]
[White "Schack"]
[Black "claris"]
[Result "1-0"]
[ICCResult "Black forfeits on time"]
[WhiteElo "1675"]
[BlackElo "1481"]
[Opening "Sicilian: Nimzovich-Rossolimo attack (without ...d6)"]
[ECO "B30"]
[NIC "SI.31"]
[Time "20:48:23"]
[TimeControl "180+0"]

1. e4 c5 2. Nf3 Nc6 3. Bb5 Nd4 4. Nxd4 cxd4 5. c3 a6 6. Be2 d3 7. Bxd3 e6 8.
O-O d5 9. exd5 Qxd5 10. Qe2 Ne7 11. Bc2 Nc6 12. d4 Bd6 13. Be4 Qa5 14. Nd2
Qc7 15. h3 O-O 16. Nc4 Be7 17. Ne3 b5 18. Bd2 Bb7 19. d5 exd5 20. Nxd5 Qd8
21. Rfe1 Bc5 22. Ne3 Qc7 23. Bxc6 Qxc6 24. f3 Rae8 25. Qd3 Rd8 26. Qc2 Qd7
27. Rad1 Rfe8 28. Kh1 Qc7 29. Ng4 Rxe1+ 30. Rxe1 Qg3 31. Be3 Bxe3 32. Rxe3
Qf4 33. Qe2 h5 34. Re8+ Rxe8 35. Qxe8+ Kh7 36. Ne5 f6 37. Qxh5+ Kg8 38. Ng4
Qc1+ 39. Kh2 Qf4+ 40. Kg1 Qc1+ 41. Kf2 Qd2+ 42. Kg3 Qd6+ 43. f4 Qd3+ 44. Kh4
Qe2 45. Qg6 Qe1+ 46. g3 {Black forfeits on time} 1-0

[Event "ICCopen2016"]
[Site "Internet Chess Club"]
[Date "2016.06.03"]
[Round "10"]
[White "minmax"]
[Black "Elico"]
[Result "1-0"]
[ICCResult "Black checkmated"]
[WhiteElo "2043"]
[BlackElo "1811"]
[Opening "Grünfeld: 5.Bf4"]
[ECO "D92"]
[NIC "GI.07"]
[Time "20:48:19"]
[TimeControl "180+0"]

1. d4 Nf6 2. c4 g6 3. Nf3 Bg7 4. Nc3 d5 5. Bf4 O-O 6. Qd2 c5 7. e3 cxd4 8.
exd4 Nc6 9. h3 Ne4 10. Qe3 Nxc3 11. bxc3 Be6 12. cxd5 Qxd5 13. Be2 Rac8 14.
O-O a6 15. Rfc1 b5 16. a4 Na5 17. axb5 Nb3 18. c4 Qf5 19. Qd3 Qxf4 20. Qxb3
axb5 21. Qxb5 Bxd4 22. Nxd4 Qxd4 23. c5 Rfd8 24. c6 Rc7 25. Bf3 Rdc8 26. Rd1
Qc4 27. Qg5 f6 28. Qe3 Kf7 29. Rab1 g5 30. Rb7 Qc2 31. Re1 Qa2 32. Rxc7 Rxc7
33. Qb6 Qa7 34. Qb4 Bf5 35. Qc4+ e6 36. Rd1 Ke7 37. Qb4+ Kf7 38. Qd6 Re7 39.
Qd8 Qc7 40. Qxc7 Rxc7 41. Rd7+ Rxd7 42. cxd7 Ke7 43. Bc6 e5 44. g4 Bxd7 45.
Be4 Be6 46. Bxh7 Kd6 47. Be4 Bd5 48. Bf5 Be6 49. Be4 Bd5 50. Bg6 Bf7 51.
Bxf7 e4 52. Bg6 Ke5 53. Bf5 Kf4 54. Kg2 e3 55. fxe3+ Kxe3 56. Kg3 Kd4 57. h4
gxh4+ 58. Kxh4 Ke5 59. Kh5 Kf4 60. Kg6 Ke5 61. Kf7 Kf4 62. Kxf6 Kg3 63. g5
Kh4 64. g6 Kg3 65. g7 Kf4 66. g8=Q Ke3 67. Qe6+ Kd2 68. Qe5 Kc1 69. Qe4 Kb2
70. Qc2+ Ka3 71. Ke5 Kb4 72. Kd4 Kb5 73. Qc4+ Kb6 74. Qc5+ Kb7 75. Kd5 Kb8
76. Qc6 Ka7 77. Qb5 Ka8 78. Kc6 Ka7 79. Qb7# {Black checkmated} 1-0

[Event "ICCopen2016"]
[Site "Internet Chess Club"]
[Date "2016.06.03"]
[Round "10"]
[White "Kastor"]
[Black "SCORPION83"]
[Result "1-0"]
[ICCResult "Black forfeits on time"]
[WhiteElo "2884"]
[BlackElo "2977"]
[Opening "French: Steinitz variation"]
[ECO "C11"]
[NIC "FR.04"]
[Time "20:48:03"]
[TimeControl "180+0"]

1. e4 e6 2. d4 d5 3. Nc3 Nf6 4. e5 Nfd7 5. Nce2 c5 6. f4 Nc6 7. c3 b5 8. a3
a5 9. Nf3 Be7 10. f5 exf5 11. Nf4 cxd4 12. cxd4 Nb6 13. Bxb5 Bd7 14. e6 fxe6
15. Bxc6 Bxc6 16. Ne5 Qc8 17. Qh5+ Kd8 18. Nf7+ Kd7 19. Nxh8 Qxh8 20. Nd3
Qe8 21. Ne5+ Kc7 22. Qxh7 Bf6 23. Bf4 Kb7 24. O-O a4 25. Rac1 Bb5 26. Rfd1
Nc4 27. Nxc4 Bxc4 28. Be5 Bxe5 29. dxe5 Qe7 30. Qh3 Ra6 31. Qf3 Kb8 32. Rc3
Rb6 33. Rd2 g5 34. h3 Qc5+ 35. Kh2 Qc7 36. Qg3 Qg7 37. Qe3 Kb7 38. Qd4 Rc6
39. g3 Qf8 40. h4 gxh4 41. gxh4 f4 42. Rf2 Rc7 43. Qxf4 Qh8 44. Rg3 Rh7 45.
Kh3 Kc6 46. Qf6 Qxf6 47. Rxf6 d4 48. Rg8 d3 49. Rd8 Bd5 50. Rf4 Kc5 51. Rc8+
Bc6 52. Rd8 Bd5 53. Rc8+ Bc6 54. Rf1 Kd5 55. Rd1 Bb5 56. Rb8 Bc4 57. Rb4 Kd4
58. Rxd3+ {Black forfeits on time} 1-0

[Event "ICCopen2016"]
[Site "Internet Chess Club"]
[Date "2016.06.03"]
[Round "10"]
[White "Mandragora"]
[Black "lion100"]
[Result "1-0"]
[ICCResult "Black forfeits on time"]
[WhiteElo "1562"]
[BlackElo "1370"]
[Opening "Caro-Kann: exchange variation"]
[ECO "B13"]
[NIC "CK.02"]
[Time "20:49:19"]
[TimeControl "180+0"]

1. e4 c6 2. d4 d5 3. exd5 cxd5 4. Nf3 Nf6 5. Bd3 h6 6. O-O e6 7. Be3 Bd6 8.
b3 Nc6 9. c4 dxc4 10. bxc4 O-O 11. c5 Be7 12. Nc3 Nd5 13. Nxd5 Qxd5 14. Qa4
Bd7 15. Bc4 Qh5 16. Qc2 Rad8 17. Rab1 Bg5 18. Be2 Qg6 19. Bd3 Qf6 20. Rxb7
Ne7 21. Bxg5 hxg5 22. Ne5 Bc6 23. Rxa7 Bd5 24. a4 Nc6 25. Nxc6 Bxc6 26. a5
Rxd4 27. Rc7 Bd5 28. a6 Rg4 29. g3 Qe5 30. Rd7 Rc8 31. Rxd5 Qxd5 32. a7 Ra8
33. c6 Rxa7 34. c7 Rxc7 35. Qxc7 Qxd3 36. Qc8+ Kh7 37. h3 Rd4 38. Qc7 Qf5
39. g4 Qf4 40. Qxf4 Rxf4 41. Kg2 Kg6 42. Kg3 Kf6 43. f3 {Black forfeits on
time} 1-0